 BcadrenCrawl: Boulder Brew version 0.06-272-g04a409949d (webtiles) character file.

Game seed: 4065856133004588571, levelgen mode: deterministic

2619 MisterOstroum the Covert (level 9, -1/24 HPs) Spriggan Vine Stalker. Began on Sept 2, 2022. Was a Follower of Sif Muna. Killed by divine providence ... invoked by an orc priest (7 damage) ... on level 5 of the Dungeon on Sept 3, 2022. The game lasted 01:05:18 (6561 turns).

MisterOstroum the Covert (Spriggan Vine Stalker)    Turns: 6561, Time: 01:05:18

Health: -1/24      AC:  3    Str: 13    XL:     9 ^: 1786
Magic:  0/24       EV: 20    Int: 22    God:    Sif Muna [1* [41]]
Gold:   310        SH:  0    Dex: 15    Spells: 14/24 levels left

rFire    x . .     Slash    x   b - +0 hunting sling
rCold    + . .     Pierce   .   (weapon restricted)
rNeg     + . .     Bludgeon .   s - +0 robe
rCorr    . . .     Vision   +   (helmet restricted)
rPois    .         Gourm    .   u - +0 cloak
rElec    +         Faith    .   (gloves unavailable)
MR       +....     Spirit   +   (boots unavailable)
HPRegen  0.58/turn Reflect  .   k - amulet of rage
MPRegen  0.34/turn Harm     .   h - ring of ice
Stlth    +++++.....             K - ring "Poilank" {*Corrode rElec rN+ Str+4 Int+6, (Curse: Slay-3)} (curse)

@: very quick
A: very small, unfitting armour, fangs, see invisible, herbivore, speed 3,
regeneration 1, slow metabolism 2, magic shield, antimagic bite, no potion heal,
rot immunity, soft flesh
a: Divine Energy, Renounce Religion, Evoke Berserk Rage


You were on level 5 of the Dungeon.
You worshipped Sif Muna.
Sif Muna was aware of your devotion.
You were not hungry.

You visited 1 branch of the dungeon, and saw 5 of its levels.

You collected 310 gold pieces.

Inventory:

Weapons
 a - a cursed +3 short sword of electrocution {(Curse: *Slow)}
 b - a +0 hunting sling (weapon)
 d - a +0 short sword
 g - a +0 dagger
 r - a +1 dagger Shields
 w - a +0 buckler
Armour
 s - a +0 robe (worn)
 u - a +0 cloak (worn)
Jewellery
 c - an uncursed amulet of regeneration
 h - a ring of ice (left hand)
 j - an uncursed amulet of faith
 k - an amulet of rage (around neck)
 n - a cursed ring of poison resistance {(Curse: rF-)}
 o - a cursed ring of protection {(Curse: rF-)}
 A - an uncursed ring of positive energy
 G - an uncursed ring of wizardry
 I - an uncursed ring of intelligence
 K - the cursed ring "Poilank" (right hand) {*Corrode rElec rN+ Str+4 Int+6, (Curse: Slay-3)}
   (You took it off a gnoll on level 4 of the Dungeon)

   [ring of positive energy]

   It affects your strength (+4).
   It affects your intelligence (+6).
   It insulates you from electricity.
   It protects you from negative energy.
   It may corrode you when you take damage.
   It has a curse placed upon it.
   { (Curse: Slay-3)}
Wands
 t - a wand of scattershot (7)
 v - a wand of disintegration (9)
 B - a wand of flame (2)
 F - a wand of ensnaring (2)
Scrolls
 f - 4 scrolls of enchantment
 i - 2 scrolls of holy word
 l - 3 scrolls of magic mapping {@r5 !r}
 m - 3 scrolls of immolation
 x - 3 scrolls of teleportation {@r3 !r}
 y - 2 scrolls of silence
 E - a scroll of summoning
Potions
 p - a potion of cure mutation
 q - 4 potions of heal wounds {@q2 !q}
 z - 2 potions of degeneration (quivered)
 C - a potion of resistance
 D - 2 potions of decay
 H - a potion of haste {@q4 !q}
 J - a potion of mutation
Comestibles
 e - 7 rations


   Skills:
 - Level 2.1 Fighting
 - Level 4.0 Short Blades
 + Level 3.1 Slings
 - Level 5.1 Dodging
 + Level 13.0 Stealth
 - Level 8.2 Spellcasting
 - Level 4.9 Hexes
 - Level 2.6 Ice Magic
 - Level 5.3 Evocations


You had 14 spell levels left.
You knew the following spells:

 Your Spells              Type           Power        Failure   Level  Hunger
a - Magic Candle          Hex/Fire       19 (90)      2%          1    0
b - Ensorcelled Hibernat  Hex/Ice        38 (50)      2%          2    0
c - Confuse               Hex            30 (100)     3%          3    0
d - Tukima's Dance        Hex            30 (100)     3%          3    0
e - Freeze                Ice            25 (25)      2%          1    0

Your spell library contained the following spells:

 Spells                   Type           Power        Failure   Level  Hunger
 Blinding Spray           Hex/Pois       19 (50)      8%          3    0
 Fulminant Prism          Hex            30 (200)     10%         4    20-120


Dungeon Overview and Level Annotations

Branches:
Dungeon (5/8)              Temple (0/1) D:4
   Lair: D:5

Altars:
Dithmenos
Elyvilon
Gozag Ym Sagoz
Makhleb
Ru
Sif Muna
Wu Jian
The Shining One

Annotations:
D:5 1 runed translucent door


Innate Abilities, Weirdness & Mutations

You are very small and have problems with some larger weapons.
You are too small for most types of armour.
You have razor-sharp fangs.
You have supernaturally acute eyesight. (+Vis)
You are a herbivore.
You cover ground extremely quickly.
You heal very quickly.
You need to consume almost no food.
When hurt, damage is shared between your health and your magic reserves.
Your bite disrupts and absorbs the magic of your enemies.
Potions cannot restore your health.
You are immune to rotting.
Your soft flesh is weak to deep cuts.
Heavy manmade armour will nullify this weakness. (rSlashing-)


Message History

Press: ? - help, Shift-Dir - straight line, f - orc
Aim: an orc, wielding a +0 mace (93%, 94% to-hit, healthy (7/7), 67% (Melee))
You shoot a sling bullet. The sling bullet strikes the orc (7)!
The sling bullet ricochets!
The sling bullet hits the gnoll but does no damage.
The gnoll is healthy. (14/14) HP You kill the orc!
Sif Muna accepts your kill.
Aiming:
b - a +0 hunting sling, Range: 6 (100%)
Press: ? - help, Shift-Dir - straight line, f - gnoll
Aim: a gnoll, wearing a vibrating wooden ring (93%, 94% to-hit, healthy (14/14), 47% (Melee))
You shoot a sling bullet. The sling bullet strikes the gnoll (7)!
The gnoll is heavily wounded. (7/14) HP
Aiming:
b - a +0 hunting sling, Range: 5 (125%)
Press: ? - help, Shift-Dir - straight line, f/p - gnoll
Aim: a gnoll, wearing a vibrating wooden ring (93%, 94% to-hit, heavily wounded (7/14), 47% (Melee))
You shoot a sling bullet. The sling bullet hits the gnoll (3).
The gnoll is severely wounded. (4/14) HP
Aiming:
b - a +0 hunting sling, Range: 4 (100%)
Press: ? - help, Shift-Dir - straight line, f/p - gnoll
Aim: a gnoll, wearing a vibrating wooden ring (93%, 94% to-hit, severely wounded (4/14), 47% (Melee))
You shoot a sling bullet.
The sling bullet hits the gnoll but does no damage.
The gnoll is severely wounded. (4/14) HP
Aiming:
b - a +0 hunting sling, Range: 4 (100%)
Press: ? - help, Shift-Dir - straight line, f/p - gnoll
Aim: a gnoll, wearing a vibrating wooden ring (93%, 94% to-hit, severely wounded (4/14), 47% (Melee))
You shoot a sling bullet. The sling bullet hits the gnoll (4).
You kill the gnoll!
Sif Muna accepts your kill.
Aiming:
b - a +0 hunting sling, Range: 5 (125%)
Press: ? - help, Shift-Dir - straight line, f - orc
Aim: an orc, wielding a +0 hatchet, wearing a +0 leather armour and wearing an uncursed ring of wizardry (93%, 94% to-hit, healthy (7/7), 67% (Melee))
You shoot a sling bullet. The sling bullet hits the orc (1).
The orc is lightly wounded. (6/7) HP
Aiming:
b - a +0 hunting sling, Range: 4 (100%)
Press: ? - help, Shift-Dir - straight line, f/p - orc
Aim: an orc, wielding a +0 hatchet, wearing a +0 leather armour and wearing an uncursed ring of wizardry (93%, 94% to-hit, healthy (7/7), 67% (Melee))
You shoot a sling bullet. The sling bullet strikes the orc (6).
The orc is almost dead. (1/7) HP
Aiming:
b - a +0 hunting sling, Range: 3 (75%)
Press: ? - help, Shift-Dir - straight line, f/p - orc
Aim: an orc, wielding a +0 hatchet, wearing a +0 leather armour and wearing an uncursed ring of wizardry (93%, 94% to-hit, almost dead (1/7), 67% (Melee))
You shoot a sling bullet. The sling bullet hits the orc (3).
You kill the orc!
Sif Muna accepts your kill.
Items here: ) = [ † a +0 hatchet; a +0 leather armour; an uncursed ring of wizardry; an orc corpse
K - the cursed ring "Poilank" {*Corrode rElec rN+ Str+4 Int+6, (Curse: Slay-3)} You see here a gnoll corpse.
Put on which piece of jewellery? (? for menu, Esc to quit)
You're wearing all the rings you can.
Remove which one? (? for menu, Esc to cancel) < or
h - a ring of ice; > or
I - a ring of intelligence You remove your ring of intelligence.
You feel stupid.
You feel strong.
You feel clever.
K - the cursed ring "Poilank" (right hand) {*Corrode rElec rN+ Str+4 Int+6, (Curse: Slay-3)}
Things that are here:
a +0 mace; an orc corpse
There is a stone staircase leading down, spattered with blood here.
Wield which item (- for none, * to show all)? (? for menu, Esc to quit)
Okay, then.
Unknown command.
Unknown command.
You climb downwards.
Level annotation: 1 runed translucent door
There is a stone staircase leading up, spattered with blood here.
Unknown command.
Cast which spell? (? or * to list)
Aiming: Tukima's Dance (safe; 3% risk of failure)
Press: ? - help, Shift-Dir - straight line, f - orc wizard
Aim: an orc wizard, wielding a +0 dagger, wearing a +0 robe and wearing an uncursed ring of intelligence (88%, 90% to-hit, healthy (14/14), 83% (Melee), 72% (Ranged), chance to defeat MR: 70%)
Okay, then.
Unknown command.
Wield which item (- for none, * to show all)? (? for menu, Esc to quit)
Okay, then.
Unknown command.
Casting: Tukima's Dance (safe; 3% risk of failure)
Confirm with . or Enter, or press ? or * to list all spells.
Okay, then.
Unknown command.
You catch the helpless troll completely off-guard!
You hit the troll but do no damage.
The centaur shouts!
You bite the troll, but do no damage.
The troll is healthy. (45/45) HP You hear a loud, deep croak!
You hear a bellow! x2; You hear a shout! x2
You hear a bellow! x2
The troll bites you (14)! The troll claws you (8)!
You are lacerated severely!
The troll claws you (14)!
You are lacerated severely!
* * * LOW HITPOINT WARNING * * *
A bullfrog comes into view.
The orc wizard misses you.
A yak comes into view.
Found a stone staircase leading down.
The orc priest invokes the aid of Beogh against you.
Beogh smites you!
You die...

.......F.....# #..
.............# #..
.............# #..
.............# #..
.......c....o####.W #..
........o...........g #..
....=..<.T............g##..
.......###...###. ......O<.
....... #@..# ####.....
....... #...# #.....
....... #..># #.....
......] #...# #.....
....... #...# #.....
....... #...# #..... #...#
#..... #...#


You could see a troll, a centaur, an orc priest and an orc wizard.

Vanquished Creatures
  2 yaks (D:4)
  A hungry ghost (D:5)
  An orc warrior (D:4)
  A scorpion (D:4)
  3 ogres
  2 crocodiles (D:2)
  3 big kobolds (D:2)
  A howler monkey (D:4)
  3 hounds
  4 orc priests
  8 jellies (D:2)
  6 orc wizards
  An iguana (D:3)
  6 worker ants
  A wyvern skeleton (D:4)
  7 giant cockroaches
  A gnoll (D:4)
  9 adders
  A gwybwca (D:4)
  4 oozes
  12 sewer rats (D:2)
  7 cinder newts
  3 worms
  2 bullfrogs (D:5)
  2 hound skeletons (D:3)
  A dart slug (D:1)
  6 leopard geckos
  24 orcs
  2 adder skeletons
  A ball python (D:2)
  A cinder newt skeleton (D:2)
  A gnoll skeleton (D:2)
  2 goblins (D:1)
  6 hobgoblins (D:1)
  3 jackals (D:2)
  19 kobolds
  3 quokkas
  5 bats
  A bat skeleton (D:2)
  2 leopard gecko skeletons
  An orc skeleton (D:2)
  6 rats (D:1)
  A dancing weapon (D:4)
176 creatures vanquished.

Vanquished Creatures (collateral kills)
  A big kobold (D:2)
  2 kobolds (D:2)
3 creatures vanquished.

Vanquished Creatures (others)
  An orc wizard (D:2)
  3 giant cockroaches (D:2)
  An adder (D:2)
  An ooze (D:2)
  3 leopard geckos
  A ball python (D:2)
  4 kobolds (D:2)
  8 butterflies (D:1)
  A dancing weapon (D:2)
  A giant blowfly (D:2)
  4 slimeheads (D:2)
  115 withered plants (D:2)
143 creatures vanquished.

Grand Total: 322 creatures vanquished

Notes
Turn   | Place    | Note
-------+----------+-------------------------------------------
     0 | D:1      | MisterOstroum the Spriggan Vine Stalker began the quest for
                  | the Orb.
     0 | D:1      | Reached XP level 1. HP: 5/5 MP: 5/5
     2 | D:1      | Noticed a vine stalker
     2 | D:1      | Noticed a felid
     4 | D:1      | Noticed a vampire
     4 | D:1      | Noticed an ogre
     6 | D:1      | Noticed a ghoul
     6 | D:1      | Noticed a merfolk
     8 | D:1      | Noticed a centaur
     8 | D:1      | Noticed a naga
    10 | D:1      | Noticed a spriggan
    12 | D:1      | Noticed a demonspawn
    12 | D:1      | Noticed a mummy
    14 | D:1      | Noticed a troll
    14 | D:1      | Noticed a draconian
    16 | D:1      | Noticed an octopode
    16 | D:1      | Noticed a demigod
    18 | D:1      | Noticed a human
    20 | D:1      | Noticed a formicid
    20 | D:1      | Noticed a tengu
    22 | D:1      | Noticed an elf
    22 | D:1      | Noticed a gargoyle
    24 | D:1      | Noticed a dwarf
    26 | D:1      | Noticed a minotaur
   537 | D:1      | Reached XP level 2. HP: 5/8 MP: 0/8
   597 | D:1      | Learned a level 2 spell: Ensorcelled Hibernation
   634 | D:1      | Reached skill level 1 in Fighting
   634 | D:1      | Reached XP level 3. HP: 10/10 MP: 0/9
   824 | D:1      | Learned a level 3 spell: Confuse
   924 | D:1      | Gained mutation: You heal very quickly. [symbiont growth]
   924 | D:1      | Reached XP level 4. HP: 12/12 MP: 7/10
  1008 | D:1      | Reached skill level 1 in Ice Magic
  1405 | D:2      | Noticed a crocodile
  1427 | D:2      | Killed a crocodile
  1427 | D:2      | Reached XP level 5. HP: 14/14 MP: 3/12
  1483 | D:2      | Learned a level 3 spell: Tukima's Dance
  1754 | D:2      | Found a sacrificial altar of Ru.
  1825 | D:2      | Reached XP level 6. HP: 17/17 MP: 7/15
  2321 | D:2      | Noticed a slime creature
  2706 | D:2      | Reached skill level 6 in Stealth
  2706 | D:2      | Reached XP level 7. HP: 19/19 MP: 15/17
  2796 | D:2      | Reached skill level 7 in Stealth
  2918 | D:2      | Reached skill level 8 in Stealth
  3025 | D:2      | Reached skill level 9 in Stealth
  3160 | D:2      | Reached skill level 10 in Stealth
  3381 | D:2      | Found a white marble altar of Elyvilon.
  3701 | D:2      | Found a shimmering blue altar of Sif Muna.
  3711 | D:2      | Reached skill level 5 in Spellcasting
  3714 | D:2      | Became a worshipper of Sif Muna the Loreminder
  3720 | D:2      | Identified Sif Muna's Handbook of Ice (You found it on
                  | level 2 of the Dungeon)
  3728 | D:2      | Learned a level 1 spell: Freeze
  3883 | D:2      | Found a burning altar of Makhleb.
  4010 | D:2      | Reached XP level 8. HP: 21/21 MP: 18/18
  4232 | D:3      | Reached skill level 11 in Stealth
  4546 | D:3      | Reached skill level 5 in Dodging
  4689 | D:3      | Found an ornate altar of the Wu Jian Council.
  4718 | D:3      | Found an opulent altar of Gozag.
  4866 | D:3      | Found a glowing golden altar of the Shining One.
  5014 | D:3      | Reached skill level 12 in Stealth
  5289 | D:4      | Reached * piety under Sif Muna
  5418 | D:4      | Found a staircase to the Ecumenical Temple.
  5526 | D:4      | Reached skill level 13 in Stealth
  5612 | D:4      | Reached skill level 1 in Evocations
  5658 | D:4      | Reached XP level 9. HP: 24/24 MP: 24/24
  5800 | D:4      | Reached skill level 1 in Slings
  5833 | D:4      | Found a shadowy altar of Dithmenos.
  6179 | D:5      | Entered Level 5 of the Dungeon
  6179 | D:5      | Noticed a two-headed ogre
  6219 | D:5      | Found the +10 large shield of Ignorance {rN+ Int-4}
  6249 | D:5      | Found a runed translucent door.
  6478 | D:4      | Reached skill level 5 in Evocations
  6503 | D:5      | Noticed a troll
  6528 | D:4      | Identified the cursed ring "Poilank" {*Corrode rElec rN+
                  | Str+4 Int+6, (Curse: Slay-3)} (You took it off a gnoll on
                  | level 4 of the Dungeon)
  6561 | D:5      | Killed from afar by an orc priest

Levels and vault maps discovered:
D:1:      kb_arrival_jail, layout_cave_pools, first_ration, portal_sewer_entry_f
D:2:      layout_sewer, nicolae_ru_path_of_blood, elyvilon_niche, basic_altar,
          led_sif_book
D:3:      layout_loops_corners, marbit_many_paths, kennysheep_mini,
          old_standard_altar, grunt_ogre_cave
D:4:      layout_basic, overflow_temple_1_default, minmay_temple_entry_ruins
D:5:      layout_long_grid, tgw_fedhas, dpeg_lair_monsters,
          chequers_guarded_unrand_ignorance, uniq_nergalle

Skill      XL: |  1  2  3  4  5  6  7  8  9 |
---------------+----------------------------+-----
Spellcasting   | 2 3 4 5 8 |  8.2
Fighting       | 1 2 |  2.1
Hexes          | 3 4 |  4.9
Ice Magic      | 2 |  2.6
Short Blades   | 3 4 |  4.0
Stealth        | 6 10 13 | 13.0
Dodging        | 5 |  5.1
Evocations     | 1 5 |  5.3
Slings         | 3 |  3.1

Action                   |  1- 3 |  4- 6 |  7- 9 || total
-------------------------+-------+-------+-------++-------
Melee: Dagger            |    78 |   135 |   104 ||   317
       Unarmed           |    48 |    69 |   124 ||   241
       Tailslap          |     6 |    28 |    40 ||    74
       Short sword       |     2 |       |    87 ||    89
 Fire: Hunting sling     |       |       |   210 ||   210
Throw: Stone             |    42 |    76 |    36 ||   154
       Rusty metal       |    29 |    33 |    13 ||    75
       Skull             |    25 |    32 |    31 ||    88
       Bone              |    19 |    31 |    17 ||    67
 Cast: Magic Candle      |    15 |     2 |     2 ||    19
       Ensorcelled Hiber |    14 |    47 |    46 ||   107
       Confuse           |       |     3 |    17 ||    20
       Tukima's Dance    |       |     4 |     6 ||    10
Evoke: Wand              |       |       |     2 ||     2
  Use: Scroll            |       |       |     1 ||     1
 Stab: Sleeping          |     8 |    29 |    29 ||    66
       Confused          |       |     1 |     1 ||     2
       Distracted        |       |       |     1 ||     1
  Eat: Ration            |       |     3 |     4 ||     7
Armor: Robe              |    13 |    15 |    58 ||    86
Dodge: Dodged            |    31 |    42 |   104 ||   177
